 Dungeon Crawl Stone Soup version 0.31-a0-1074-g0b22e4e0f1 (webtiles) character file.

Game seed: 4839300087133044923

39717 wildpjah the Unseen (level 14, -1/67 HPs)
             Began as a Vine Stalker Enchanter on Dec 5, 2023.
             Was the Champion of Dithmenos.
             Slain by an eight-headed hydra (6 damage)
             ... while petrified by a basilisk
             ... on level 2 of the Lair of Beasts on Dec 6, 2023.
             The game lasted 01:11:24 (15998 turns).

wildpjah the Unseen (Vine Stalker Enchanter)       Turns: 15998, Time: 01:11:25

Health: -1/67      AC:  6    Str: 13    XL:     14   Next: 7%
Magic:  0/32       EV:  2    Int: 17    God:    Dithmenos [******]
Gold:   1681       SH:  0    Dex: 28    Spells: 18/29 levels left

rFire   . . .        D - +5 short sword (drain)
rCold   . . .        d - orb {guile}
rNeg    + + +        R - +0 steam dragon scales
rPois   ∞            K - +0 helmet
rElec   .            O - scarf {shadows}
rCorr   .            (no gloves)
SInv    .            (no boots)
Will    .....        F
                       - Hermit's Pendant {Faith Invo=14 Evo=0 MP+5} Stlth ***+++++++
                     E - +6 ring of dexterity
HPRegen 1.11/turn    J - +6 ring of dexterity
MPRegen 0.23/turn

%: guardian spirit, faith
@: petrified, slowed, wreathed by umbra
A: fangs 3, regeneration 1, magic shield, antimagic bite, no potion heal 2
a: Renounce Religion, Shadow Step, Shadow Form


You were on level 2 of the Lair of Beasts.
You worshipped Dithmenos.
Dithmenos was exalted by your worship.
You visited 3 branches of the dungeon, and saw 17 of its levels.
You also visited: Ossuary and Volcano.

You collected 1681 gold pieces.

Inventory:

Hand Weapons
 a - a +1 dagger
 g - a +2 dagger of freezing
 r - a +1 long sword of holy wrath
 z - a +3 great sword of freezing
 D - a +5 short sword of draining (weapon)
 V - a +2 scimitar of flaming
Armour
 b - a +0 robe
 d - an orb of guile (worn)
 q - +0 swamp dragon scales
 K - a +0 helmet (worn)
 L - a +0 leather armour of willpower
 O - a scarf of shadows (worn)
 R - +0 steam dragon scales (worn)
Jewellery
 l - a ring of willpower
 E - a +6 ring of dexterity (left hand)
 F - the Hermit's Pendant (around neck) {Faith Invo=14 Evo=0 MP+5}
   (You found it on level 6 of the Dungeon)

   [amulet of faith]

   Invo=14: It sets your Invocations skill to 14.
   Evo=0: It sets your Evocations skill to 0.
   Faith:     It allows you to gain divine favour quickly.
   MP+5:      It affects your magic capacity (+5).
 J - a +6 ring of dexterity (right hand)
 U - a +6 ring of intelligence
 Y - an amulet of the acrobat
Wands
 h - a wand of mindburst (17)
 G - a wand of flame (51)
 P - a wand of digging (16)
 T - a wand of polymorph (14)
 W - a wand of iceblast (2)
 X - a wand of paralysis (3)
Scrolls
 k - 4 scrolls of amnesia
 n - 2 scrolls of noise
 o - a scroll of summoning
 p - 3 scrolls of enchant armour
 s - 3 scrolls of immolation
 t - 3 scrolls of fear
 x - 3 scrolls of silence
 y - 2 scrolls of enchant weapon
 A - 3 scrolls of teleportation
 H - 2 scrolls of vulnerability
 I - a scroll of revelation
 N - a scroll of blinking
 Q - a scroll of fog
Potions
 c - a potion of invisibility
 e - 2 potions of magic
 f - 4 potions of resistance
 i - a potion of attraction
 j - 4 potions of haste {unknown}
 m - a potion of mutation
 u - a potion of enlightenment {unknown}
 v - 12 potions of curing {unknown}
 w - 6 potions of heal wounds {unknown}
 B - 4 potions of brilliance {unknown}
 C - 2 potions of lignification {unknown}
 M - a potion of cancellation {unknown}
 S - a potion of ambrosia {unknown}
 Z - a potion of might {unknown}


   Skills:
 + Level 4.4 Fighting
 * Level 9.8(10.5) Short Blades
 + Level 5.7(8.5) Long Blades
 + Level 1.6 Armour
 * Level 7.1 Dodging
 + Level 17.3 Stealth
 + Level 8.3 Spellcasting
 + Level 0.2 Conjurations
 + Level 8.1 Hexes
 + Level 6.0 Ice Magic


You had 18 spell levels left.
You knew the following spells:

 Your Spells              Type           Power      Damage    Failure   Level
a - Ensorcelled Hibernat  Hex/Ice        62%        N/A       1%          2
b - Tukima's Dance        Hex            34%        N/A       1%          3
c - Confusing Touch       Hex            34%        N/A       1%          3
d - Dazzling Flash        Conj/Hex       42%        N/A       5%          3

Your spell library contained the following spells:

 Spells                   Type           Power      Damage    Failure   Level
 Sigil of Binding         Hex            34%        N/A       1%          3
 Cause Fear               Hex            17%        N/A       3%          4
 Momentum Strike          Conj/Tloc      14%        3d8       14%         2
 Blink                    Tloc           14%        N/A       16%         2
 Lesser Beckoning         Tloc           14%        N/A       16%         2
 Anguish                  Hex/Necr       10%        N/A       19%         4
 Dimensional Bullseye     Hex/Tloc       10%        N/A       19%         4
 Fulminant Prism          Conj/Hex       10%        3d9       19%         4
 Leda's Liquefaction      Hex/Erth       10%        N/A       19%         4
 Stone Arrow              Conj/Erth      14%        3d7       28%         3
 Call Canine Familiar     Summ           7%         N/A       30%         3
 Volatile Blastmotes      Fire/Tloc      14%        2d11      30%         3
 Iskenderun's Mystic Bla  Conj/Tloc      7%         2d4       67%         4
 Animate Armour           Summ/Erth      14%        N/A       71%         4
 Summon Lightning Spire   Summ/Air       7%         N/A       71%         4
 Lee's Rapid Deconstruct  Erth           3%         3d5*      96%         5
 Enfeeble                 Hex            17%        N/A       96%         7
 Lehudib's Crystal Spear  Conj/Erth      3%         10d3      100%        8


Dungeon Overview and Level Annotations

Branches:
Dungeon (14/15)            Temple (1/1) D:5            Lair (2/5) D:10
 Shoals (0/4) Lair:2          Orc (0/2) D:10        Ossuary (visited)
Volcano (visited)
  Snake: Lair:2-3    Spider: Lair:2-3    Vaults: D:13-14

Altars:
Ashenzari
Cheibriados
Dithmenos
Elyvilon
Fedhas
Gozag
Hepliaklqana
Kikubaaqudgha
Makhleb
Nemelex Xobeh
Okawaru
Qazlal
Ru
Sif Muna
Trog
Uskayaw
Vehumet
Wu Jian
Xom
Yredelemnul
Zin
The Shining One

Shops:
D:10 (


Innate Abilities, Weirdness & Mutations

You have razor-sharp teeth.
Your natural rate of healing is unusually fast.
When hurt, damage is shared between your health and your magic reserves.
Your bite disrupts and absorbs the magic of your enemies.
Potions cannot restore your health.


Message History

Press: ? - help, Q - select action, (/) - cycle Shift-Dir - straight line, f - basilisk
Aim: a basilisk (umbra, chance to affect: 76%)
The basilisk looks drowsy...
The yak bellows!
The basilisk hisses angrily.
You have turned to stone.
The eight-headed hydra bites you! x2
The eight-headed hydra bites you but does no damage.
The eight-headed hydra bites you. The eight-headed hydra bites you! x2
The eight-headed hydra bites you but does no damage. x2
The eight-headed hydra bites you but does no damage.
The eight-headed hydra bites you. The eight-headed hydra bites you! x2
The eight-headed hydra bites you. The eight-headed hydra bites you! x3
The eight-headed hydra bites you.
The eight-headed hydra bites you but does no damage.
The eight-headed hydra bites you. x4
The eight-headed hydra completely misses you.
The eight-headed hydra bites you! The eight-headed hydra bites you!
The eight-headed hydra bites you. The eight-headed hydra bites you!
* * * LOW HITPOINT WARNING * * *
The eight-headed hydra bites you but does no damage.
The eight-headed hydra bites you.
The eight-headed hydra bites you but does no damage.
The eight-headed hydra bites you!
* * * LOW HITPOINT WARNING * * *
The eight-headed hydra bites you.
* * * LOW HITPOINT WARNING * * *
The eight-headed hydra bites you but does no damage.
The eight-headed hydra completely misses you.
The eight-headed hydra bites you!
* * * LOW HITPOINT WARNING * * *
The eight-headed hydra bites you!
* * * LOW HITPOINT WARNING * * *
The eight-headed hydra bites you but does no damage.
The eight-headed hydra barely misses you.
The eight-headed hydra bites you.
* * * LOW HITPOINT WARNING * * *
The eight-headed hydra bites you!
You die...

# ## +#####+..♣ #P
#.....#..♣ ## #.
#..FYl#..♣♣# ..##.
#.FwFF#.... ..... ♣
#.FSBY#..♣ ..... ♣.
#SSlYD#..♣ .....
♣^.+#####@..♣ .....
♣...........♣ #.###
♣.........†.♣ #.
♣♣♣♣♣.♣♣♣♣♣♣ ## ♣.♣ ###
###### ♣.♣ .#.P
....†#♣♣♣♣♣♣♣.♣♣♣♣♣♣
.....
.♣♣♣.♣♣P......♣.♣..♣♣♣♣
..... .♣
♣....≈~≈P♣.♣.♣.~~..♣
.....


You could see a death yak, a boulder beetle, an eight-headed hydra, a torpor
snail, a komodo dragon, a black mamba, 2 yaks, 2 cane toads, a basilisk, 2 water
moccasins and 3 bullfrogs.

Vanquished Creatures
  Erolcha (D:10)
  A catoblepas (D:13)
  3 two-headed ogres
  Erica (D:10)
  A tengu warrior (D:13)
  4 boulder beetles
  A death yak (Lair:1)
  Urug (D:13)
  A hell knight (Volcano)
  A skeletal warrior (D:14)
  Lodul (D:11)
  An obsidian statue (Volcano)
  Pikel (D:4)
  2 deep elf pyromancers
  An orc knight (D:12)
  2 harpies (Lair:2)
  2 ugly things
  A cyclops (D:11)
  2 manticores (D:11)
  A faun (shapeshifter) (D:13)
  A black mamba (Lair:1)
  8 cane toads
  A smoke demon (Volcano)
  Jeremiah (Lair:1)
  Maggie (D:6)
  A torpor snail (Lair:1)
  An efreet (D:13)
  A komodo dragon (D:13)
  4 kobold demonologists (D:11)
  4 rime drakes
  A tengu conjurer (D:13)
  2 red devils (Volcano)
  3 trolls
  3 meliai (D:13)
  A hornet (D:9)
  8 blink frogs (Lair:2)
  Grinder (D:6)
  8 slime creatures
  Sigmund (D:2)
  Eustachio (D:6)
  A shadow (D:10)
  A vampire (D:12)
  14 yaks
  6 wraiths
  2 wyverns
  A basilisk (shapeshifter) (D:13)
  A basilisk (Lair:2)
  4 fire bats (Volcano)
  2 steam dragons
  7 vampire mosquitoes
  4 water moccasins
  A hell hound (Volcano)
  6 orc warriors
  8 ice beasts
  A sky beast (D:6)
  2 black bears
  4 centaurs
  10 wolves
  10 ogres
  3 phantoms
  6 kobold brigands
  8 bullfrogs
  A gnoll sergeant (D:11)
  A scorpion (D:6)
  3 water moccasin zombies (Ossuary)
  13 wights
  4 killer bees
  6 howler monkeys
  A bullfrog zombie (Ossuary)
  6 lava snakes (Volcano)
  3 centaur zombies (Ossuary)
  5 orc priests
  5 hounds
  A human zombie (Ossuary)
  5 jellies
  A sleepcap (D:5)
  Natasha (thrice) (D:2)
  7 iguanas
  7 orc wizards
  An ogre zombie (Ossuary)
  A mummy (Ossuary)
  10 gnolls
  13 adders
  A shadow imp (D:7)
  2 ufetubi (D:6)
  4 adder zombies (Ossuary)
  6 worms
  4 dart slugs
  23 orcs
  7 ball pythons
  5 bats
  6 endoplasms
  7 giant cockroaches
  5 gnoll zombies (Ossuary)
  8 goblins
  8 hobgoblins
  4 jackals (D:1)
  19 kobolds
  5 quokkas
  2 frilled lizards
  2 goblin zombies (Ossuary)
  3 hobgoblin zombies (Ossuary)
  3 orc zombies (Ossuary)
  7 rats
411 creatures vanquished.

Vanquished Creatures (others)
  4 dancing weapons
4 creatures vanquished.

Grand Total: 415 creatures vanquished

Notes
Turn   | Place    | Note
-------+----------+-------------------------------------------
     0 | D:1      | wildpjah the Vine Stalker Enchanter began the quest for the
                  | Orb.
     0 | D:1      | Reached XP level 1. HP: 9/9 MP: 4/4
   170 | D:1      | Reached XP level 2. HP: 13/13 MP: 3/6
   183 | D:1      | Learned a level 2 spell: Ensorcelled Hibernation
   270 | D:1      | Reached skill level 4 in Stealth
   459 | D:1      | Reached skill level 1 in Short Blades
   459 | D:1      | Reached XP level 3. HP: 16/16 MP: 0/7
  1079 | D:1      | Found a faded altar of an unknown god.
  1280 | D:2      | Noticed Natasha
  1285 | D:2      | Killed Natasha
  1286 | D:2      | Reached XP level 4. HP: 21/21 MP: 1/9
  1358 | D:2      | Noticed Natasha
  1363 | D:2      | Killed Natasha
  1428 | D:2      | Noticed Natasha
  1460 | D:2      | Reached skill level 1 in Ice Magic
  1469 | D:2      | Killed Natasha
  1470 | D:2      | Reached XP level 5. HP: 24/24 MP: 2/10
  1766 | D:2      | Noticed Sigmund
  1773 | D:2      | Killed Sigmund
  1774 | D:2      | Reached skill level 5 in Stealth
  1774 | D:2      | Reached XP level 6. HP: 28/28 MP: 5/12
  3520 | D:4      | Reached skill level 6 in Stealth
  3606 | D:4      | Reached XP level 7. HP: 29/32 MP: 8/13
  4619 | D:4      | Noticed Pikel
  4630 | D:4      | Killed Pikel
  4631 | D:4      | Reached skill level 7 in Stealth
  4631 | D:4      | Gained mutation: You have razor-sharp teeth. [Vine Stalker
                  | growth]
  4631 | D:4      | Reached XP level 8. HP: 34/37 MP: 6/15
  4807 | D:5      | Entered Level 5 of the Dungeon
  4955 | D:5      | Reached skill level 5 in Hexes
  4988 | D:5      | Found a staircase to the Ecumenical Temple.
  4997 | Temple   | Entered the Ecumenical Temple
  5006 | Temple   | Became a worshipper of Dithmenos the Shadowed
  5040 | D:5      | Reached skill level 1 in Fighting
  5398 | D:5      | Reached skill level 1 in Long Blades
  5402 | D:5      | Reached skill level 8 in Stealth
  5873 | D:5      | Reached skill level 5 in Spellcasting
  5873 | D:5      | Reached XP level 9. HP: 41/41 MP: 17/17
  5877 | D:5      | Learned a level 3 spell: Tukima's Dance
  5881 | D:5      | Learned a level 3 spell: Confusing Touch
  6143 | D:5      | Found a radiant altar of Vehumet.
  6217 | D:5      | Found a burning altar of Makhleb.
  6222 | D:5      | Found a hazy altar of Hepliaklqana.
  6280 | D:6      | Found an ornate altar of the Wu Jian Council.
  6301 | D:6      | Noticed Maggie
  6314 | D:6      | Killed Maggie
  6327 | D:6      | Found an opulent altar of Gozag.
  6332 | D:6      | Found a snail-covered altar of Cheibriados.
  6334 | D:6      | Found a sparkling altar of Nemelex Xobeh.
  6419 | D:6      | Reached * piety under Dithmenos
  6426 | D:6      | Reached skill level 9 in Stealth
  6461 | D:6      | Found a sand-covered staircase.
  6470 | Ossuary  | Entered an ossuary
  6604 | Ossuary  | Reached ** piety under Dithmenos
  6620 | Ossuary  | Noticed a silent spectre
  6722 | D:6      | Reached skill level 5 in Short Blades
  6898 | D:6      | Reached skill level 10 in Stealth
  7002 | D:6      | Found a faded altar of an unknown god.
  7002 | D:6      | Found the Hermit's Pendant {Faith Invo=14 Evo=0 MP+5}
  7102 | D:6      | Noticed Grinder
  7115 | D:6      | Killed Grinder
  7116 | D:6      | Reached XP level 10. HP: 45/46 MP: 21/21
  7267 | D:6      | Found a shimmering altar of Xom.
  7270 | D:6      | Found a shimmering blue altar of Sif Muna.
  7405 | D:6      | Noticed Eustachio
  7412 | D:6      | Killed Eustachio
  8026 | D:7      | Reached skill level 11 in Stealth
  8290 | D:7      | Found a glowing golden altar of the Shining One.
  8292 | D:7      | Noticed an angel
  8297 | D:7      | Found a basalt altar of Yredelemnul.
  8299 | D:7      | Noticed a profane servitor
  8390 | D:7      | Found a glowing golden altar of the Shining One.
  8396 | D:7      | Reached *** piety under Dithmenos
  9058 | D:8      | Noticed a two-headed ogre
  9069 | D:8      | Killed a two-headed ogre
  9070 | D:8      | Reached skill level 1 in Armour
  9196 | D:8      | Identified the +6 whip of Vuhaidi {flame, Str+3}
  9420 | D:8      | Reached XP level 11. HP: 19/52 MP: 22/22
  9424 | D:8      | Reached skill level 12 in Stealth
  9827 | D:9      | Reached **** piety under Dithmenos
 10256 | D:10     | Entered Level 10 of the Dungeon
 10259 | D:10     | Noticed a deep elf pyromancer
 10620 | D:10     | Killed a deep elf pyromancer
 10918 | D:10     | Found a staircase to the Lair.
 10947 | D:10     | Noticed Erica
 10953 | D:10     | Killed Erica
 10954 | D:10     | Reached skill level 5 in Ice Magic
 11059 | D:10     | Found a staircase to the Orcish Mines.
 11073 | D:10     | Found Xaxari's Antique Weapon Emporium.
 11101 | D:10     | Noticed Erolcha
 11107 | D:10     | Killed Erolcha
 11108 | D:10     | Reached skill level 5 in Long Blades
 11110 | D:10     | Noticed a two-headed ogre
 11116 | D:10     | Killed a two-headed ogre
 11139 | D:10     | Reached skill level 13 in Stealth
 11290 | D:11     | Noticed a boulder beetle
 11301 | D:11     | Noticed a cyclops
 11304 | D:11     | Killed a boulder beetle
 11308 | D:11     | Killed a cyclops
 11369 | D:11     | Reached XP level 12. HP: 58/58 MP: 23/23
 11651 | D:11     | Noticed a soul eater
 11654 | D:11     | Reached skill level 14 in Stealth
 11660 | D:11     | Noticed Lodul
 12353 | D:11     | Killed Lodul
 12353 | D:11     | Reached ***** piety under Dithmenos
 12553 | D:12     | Learned a level 3 spell: Dazzling Flash
 12658 | D:12     | Reached skill level 5 in Dodging
 12725 | D:12     | Noticed a boulder beetle
 12731 | D:12     | Killed a boulder beetle
 12826 | D:12     | Noticed a boulder beetle
 12832 | D:12     | Killed a boulder beetle
 12978 | D:12     | Reached skill level 15 in Stealth
 13323 | D:13     | Noticed a tengu warrior
 13329 | D:13     | Killed a tengu warrior
 13332 | D:13     | Reached XP level 13. HP: 61/61 MP: 25/25
 13562 | D:13     | Noticed Urug
 13573 | D:13     | Killed Urug
 13722 | D:13     | Reached skill level 16 in Stealth
 14145 | Lair:1   | Entered Level 1 of the Lair of Beasts
 14145 | Lair:1   | Noticed Jeremiah
 14147 | Lair:1   | Killed Jeremiah
 14178 | Lair:1   | Found a dark tunnel.
 14186 | Volcano  | Entered a volcano
 14277 | Volcano  | Found a burning altar of Makhleb.
 14290 | Volcano  | HP: 2/61 [hell knight/bolt of fire (25)]
 14724 | Lair:1   | Reached ****** piety under Dithmenos
 15784 | Lair:2   | Found a staircase to the Shoals.
 15789 | Lair:2   | Reached skill level 17 in Stealth
 15815 | Lair:2   | Reached XP level 14. HP: 64/67 MP: 27/27
 15998 | Lair:2   | Slain by an eight-headed hydra

Illustrated notes

Levels and vault maps discovered:
D:1:      psy_arrival_radial02, layout_basic, serial_glass, glass_columns_b,
          glass_columns_b, dilly_ecumenical_altar_fadedgnrine
D:2:      layout_basic, minmay_tiny_reverse_x, uniq_sigmund, uniq_natasha
D:3:      layout_basic, grunt_ministairs_9, chequers_mini_garden,
          kennysheep_generic_room_2
D:4:      layout_loops_corners, grunt_decor_cap, uniq_pikel
D:5:      layout_basic, minitemple, minmay_temple_entry_junction_2,
          nicolae_wormholes
D:6:      layout_cave_pools, nicolae_wu_jian_wuxing_cycle,
          minmay_overflow_temple_star_hex, mainiacjoe_ossuary_entry_dusty_tomb,
          hellmonk_guarded_unrand_hermit, uniq_grinder, uniq_eustachio,
          uniq_maggie
D:7:      layout_gridville, grunt_temple_overflow_holy_war, minmay_ruined_shrine
D:8:      layout_basic, serial_bayou_pond_e, serial_bayou_pond_a
D:9:      nicolae_cairo_tiling_large_dashed, layout_long_grid
D:10:     layout_big_octagon, hellmonk_lair_entry_icy, orc_0_dummy,
          serial_shops, shop, uniq_erolcha, uniq_erica
D:11:     layout_roguey, grunt_ministairs_12, uniq_lodul
D:12:     layout_rooms, special_room [special_room_orc]
D:13:     layout_long_grid, minmay_misc_feat_chi, uniq_urug
D:14:     layout_stronghold, david_vaults_2, minmay_misc_feat_tower,
          minmay_misc_feat_four_crosses, uniq_rupert
Temple:   jpeg_temple_clearing
Lair:1:   layout_regular_city, serial_forest, infiniplex_forest_clump_C,
          infiniplex_forest_corner_1, infiniplex_forest_fountain,
          infiniplex_forest_zigzag_2, infiniplex_forest_lined_2,
          infiniplex_forest_straight_2, enter_volcano_1, uniq_jeremiah
Lair:2:   nzn_winding_woodlands_large [nzn_winding_woodlands_5x5_closed_star,
          nzn_winding_woodlands_5x15_concentric,
          nzn_winding_woodlands_5x5_cross,
          nzn_winding_woodlands_center_triple_pond,
          nzn_winding_woodlands_15x15_killbox,
          nzn_winding_woodlands_center_garden, nzn_winding_woodlands_5x5_three,
          nzn_winding_woodlands_5x15_pathside_ponds,
          nzn_winding_woodlands_5x5_perimeter], layout_gridlike,
          nicolae_shoals_entry_roost

Skill      XL: |  1  2  3  4  5  6  7  8  9 10 11 12 13 |
---------------+----------------------------------------+-----
Stealth        | 4 5 6 7 8 10 11 13 15 17 | 17.3
Short Blades   | 1 2 3 4 5 6 7 8 9 |  9.8
Ice Magic      | 1 2 3 4 5 6 |  6.0
Spellcasting   | 3 4 5 6 7 8 |  8.3
Hexes          | 4 5 6 7 8 |  8.1
Fighting       | 1 2 3 4 |  4.4
Long Blades    | 1 3 4 5 |  5.7
Dodging        | 2 4 5 7 |  7.1
Armour         | 1 |  1.6
Conjurations   | |  0.2

Action                     |  1- 3 |  4- 6 |  7- 9 | 10-12 | 13-15 || total
---------------------------+-------+-------+-------+-------+-------++-------
  Melee: Dagger            |    72 |    57 |    83 |   231 |    78 ||   521
         Bite              |    11 |     7 |    48 |    96 |    56 ||   218
         Long sword        |       |     9 |   112 |   116 |    17 ||   254
         Punch             |       |     1 |     3 |     6 |     1 ||    11
         Scimitar          |       |       |       |     7 |    20 ||    27
         Short sword       |       |       |       |       |    74 ||    74
   Cast: Ensorcelled Hiber |    23 |    40 |    63 |   113 |    26 ||   265
         Confusing Touch   |       |       |       |     7 |     8 ||    15
         Tukima's Dance    |       |       |       |     8 |     2 ||    10
         Dazzling Flash    |       |       |       |     1 |     2 ||     3
 Invoke: Shadow Step       |       |       |       |     2 |       ||     2
    Use: Scroll            |       |       |     8 |     9 |     6 ||    23
         Potion            |       |       |       |       |     2 ||     2
   Stab: Sleeping          |     9 |    29 |    60 |   115 |    54 ||   267
         Distracted        |     1 |       |       |     5 |       ||     6
         Confused          |       |       |       |     7 |     4 ||    11
         Invisible         |       |       |       |     1 |     1 ||     2
 Armour: Robe              |    39 |    27 |    97 |    33 |       ||   196
         Leather armour    |       |       |       |    25 |       ||    25
         Steam dragon scal |       |       |       |   111 |   131 ||   242
  Dodge: Dodged            |    61 |    39 |   104 |   245 |   240 ||   689

Table legend: (Time is in decaauts)
 A = Elapsed time spent in this place.
 B = Non-inter-level travel time spent in this place.
 C = Inter-level travel time spent in this place.
 D = Time resting spent in this place.
 E = Time spent auto-exploring this place.
 F = Levels seen in this place.
 G = Mean time per level.
                   A        B        C        D        E       F      G
               +--------+--------+--------+--------+--------+-----+--------+
         Total |  15837 |  15226 |    611 |   1433 |  10413 |  19 |  833.5 |
       Dungeon |  13787 |  13228 |    559 |   1377 |   9177 |  14 |  984.8 |
        Temple |     18 |     10 |      8 |      0 |      0 |   1 |   18.0 |
          Lair |   1307 |   1263 |     44 |      0 |    995 |   2 |  653.5 |
       Ossuary |    217 |    217 |      0 |      0 |     69 |   1 |  217.0 |
       Volcano |    506 |    506 |      0 |     56 |    172 |   1 |  506.0 |
               +--------+--------+--------+--------+--------+-----+--------+

Top non-repeatable levels by time:
     D:4: 1397 daAuts
     D:5: 1391 daAuts
     D:1: 1257 daAuts
     D:3: 1204 daAuts
     D:7: 1200 daAuts
     D:9: 1163 daAuts
    D:11: 1049 daAuts
     D:6: 1036 daAuts
     D:2: 1035 daAuts
  Lair:1: 932 daAuts
    D:12: 788 daAuts
     D:8: 762 daAuts
    D:10: 753 daAuts
    D:13: 744 daAuts
 Volcano: 506 daAuts
